 Dungeon Crawl Stone Soup version 0.31-a0-844-gdc52ec4e09 (webtiles) character file.

Game seed: 15470629855263041646

25 lunkers the Insei (level 3, 0/28 HPs)
             Began as a Meteoran Shapeshifter on Sept 28, 2023.
             Slain by a jackal (2 damage)
             ... on level 1 of the Dungeon.
             The game lasted 00:00:53 (242 turns).

lunkers the Insei (Meteoran Shapeshifter)            Turns: 242, Time: 00:00:53

Health: 0/28       AC:  2    Str: 15    XL:     3   Next: 35%
Magic:  4/4        EV: 12    Int: 12    God:
Gold:   10         SH:  0    Dex: 15    Spells: 2/2 levels left

rFire   . .          .
                       - Unarmed
rCold   . . .        (no shield)
rNeg    . . .        a - +0 animal skin
rPois   .            (helmet currently unavailable)
rElec   .            (cloak currently unavailable)
rCorr   .            (gloves currently unavailable)
SInv    .            (boots currently unavailable)
Will    .....        (no amulet)
Stlth   +            (no ring)
HPRegen 0.24/turn    (no ring)
MPRegen 0.09/turn

%: no passive effects
@: beast-form, glowing
A: beast (slay +2), sense surroundings 1, otherworldly, glowing, explore regen
a: Begin Untransformation


You were on level 1 of the Dungeon.
You were a hulking beast.
You visited 1 branch of the dungeon, and saw 1 of its levels.

You collected 10 gold pieces.

Inventory:

Armour
 a - a +0 animal skin (worn)
Talismans
 c - a beast talisman (active)
 d - a flux talisman
Scrolls
 e - a scroll of identify {unknown}
 f - a scroll of fog {unknown}
Potions
 b - a potion of lignification


   Skills:
 - Level 1.1 Fighting
 - Level 2.1 Dodging
 * Level 4.5 Unarmed Combat
 + Level 4.0 Shapeshifting


You had 2 spell levels left.
You didn't know any spells.
Your spell library was empty.

Dungeon Overview and Level Annotations

Branches:
Dungeon (1/15) Zot: 361

Altars:

Shops:
D:1 (

Annotations:
D:1 1 runed translucent door


Innate Abilities, Weirdness & Mutations

You are a hulking beast.
Your limbs bulge with bestial killing power. (Slay +2)
You passively map a small area around you.
You are easily found by Zot.
You glow in the dark.
You regain HP and MP as you explore.


Message History

The kobold hits you with a +0 whip.
* * * LOW HITPOINT WARNING * * *
You hit the kobold.
You kill the kobold!
You see here a +0 whip.
f - a scroll labelled JASAZXIHYSM A jackal comes into view.
The jackal moves out of view.
A jackal comes into view.
Found a smoky emerald potion.
The jackal barks! x2
A jackal comes into view.
Found a scroll labelled JEIRGH GIRED.
The jackal closely misses you.
The jackal moves out of view.
There is a stone staircase leading down here.
You punch the jackal!
You kill the jackal!
The jackal barely misses you.
You hit the jackal.
The jackal is moderately wounded.
You hit the jackal but do no damage. The jackal barely misses you.
The jackal bites you.
* * * LOW HITPOINT WARNING * * *
The jackal bites you.
* * * LOW HITPOINT WARNING * * *
You closely miss the jackal.
The jackal is moderately wounded.
The jackal bites you.
* * * LOW HITPOINT WARNING * * *
The jackal barely misses you.
You barely miss the jackal.
The jackal is moderately wounded.
The jackal bites you.
* * * LOW HITPOINT WARNING * * *
The jackal bites you.
* * * LOW HITPOINT WARNING * * *
You punch the jackal!
You kill the jackal!
The jackal bites you.
You die...

* , ,...#.#.#.#.#.#.# # ,
, , .............# # *
##.#.#.#.#.#.# # ####
#............###### ,
.....+#.#.#.#.#.#.+.....
*
,..?..#............####..
...!..#.#.#.#.#.#))..#.#
..h..#h†..(.......##+#.#
*
.....##h#.#.#.#.##.....#
........##########.....#
,,, .........,
*####...).# , ######.###,
.........# * ..
#.###.....' * ### ,*
#.....# * * * #####.# *
#...# * #.#..


You could see a jackal.

Vanquished Creatures
  2 bats (D:1)
  A giant cockroach (D:1)
  3 hobgoblins (D:1)
  6 jackals (D:1)
  2 quokkas (D:1)
  4 frilled lizards (D:1)
  2 goblins (D:1)
  2 kobolds (D:1)
  A rat (D:1)
23 creatures vanquished.

Notes
Turn   | Place    | Note
-------+----------+-------------------------------------------
     0 | D:1      | lunkers the Meteoran Shapeshifter began the quest for the
                  | Orb.
     0 | D:1      | Reached XP level 1. HP: 16/16 MP: 2/2
     1 | D:1      | Found a runed translucent door.
    51 | D:1      | Found Qaepo's Weapon Emporium.
    80 | D:1      | Reached XP level 2. HP: 23/23 MP: 3/3
   205 | D:1      | Reached XP level 3. HP: 10/28 MP: 4/4
   242 | D:1      | Slain by a jackal

Illustrated notes

Levels and vault maps discovered:
D:1:      dpeg_arrival_caged_fury, layout_basic, serial_shops,
          nicolae_square_shop, st_stairs_11, amcnicky_mini_rare_corridor_liquid

Skill      XL: |  1  2  3 |
---------------+----------+-----
Unarmed Combat | 4 |  4.5
Shapeshifting  | 4 |  4.0
Fighting       | |  1.1
Dodging        | |  2.1

Action                     || total
---------------------------++-------
  Melee: Unarmed           ||    63
 Armour: Animal skin       ||    26
  Dodge: Dodged            ||    44

Table legend: (Time is in decaauts)
 A = Elapsed time spent in this place.
 B = Non-inter-level travel time spent in this place.
 C = Inter-level travel time spent in this place.
 D = Time resting spent in this place.
 E = Time spent auto-exploring this place.
 F = Levels seen in this place.
 G = Mean time per level.
                   A        B        C        D        E       F      G
               +--------+--------+--------+--------+--------+-----+--------+
         Total |    237 |    237 |      0 |      0 |    119 |   1 |  237.0 |
       Dungeon |    237 |    237 |      0 |      0 |    119 |   1 |  237.0 |
               +--------+--------+--------+--------+--------+-----+--------+

Top non-repeatable levels by time:
     D:1: 237 daAuts
